 Dungeon Crawl Stone Soup version 0.27.1-1-g398f81649c (webtiles) character file.

Game seed: 9162761870649445902

44 pbellow the Skirmisher (level 3, -2/33 HPs)
             Began as a Hill Orc Fighter on Sept 11, 2021.
             Slain by a gnoll (5 damage)
             ... on level 2 of the Dungeon.
             The game lasted 00:02:24 (1094 turns).

pbellow the Skirmisher (Hill Orc Fighter)           Turns: 1094, Time: 00:02:26

Health: -2/33      AC:  6    Str: 18 (19) XL:     3   Next: 60%
Magic:  3/3        EV:  7    Int:  7 (8)  God:
Gold:   34         SH:  8    Dex:  7 (10) Spells: 2/2 levels left

rFire    . . .     SeeInvis .   a - +0 war axe
rCold    . . .     Faith    .   c - +0 kite shield
rNeg     . . .     Spirit   .   b - +0 scale mail
rPois    .         Reflect  .   (no helmet)
rElec    .         Harm     .   (no cloak)
rCorr    .         Rampage  .   (no gloves)
Will     .....                  (no boots)
Stlth    ..........             (no amulet)
HPRegen  0.11/turn              (no ring)
MPRegen  0.08/turn              (no ring)

@: no status effects
A: no striking features
a: no special abilities


You were on level 2 of the Dungeon.
You visited 1 branch of the dungeon, and saw 2 of its levels.

You collected 34 gold pieces.

Inventory:

Hand Weapons
 a - a +0 war axe (weapon)
Armour
 b - a +0 scale mail (worn)
 c - a +0 kite shield (worn)
Potions
 d - a potion of might
 f - 2 potions of curing


   Skills:
 + Level 3.9 Fighting
 + Level 3.3 Axes
 + Level 3.6 Armour
 + Level 1.0 Dodging
 + Level 3.7 Shields


You had 2 spell levels left.
You didn't know any spells.
Your spell library was empty.

Dungeon Overview and Level Annotations

Branches:
Dungeon (2/15)

Altars:


Message History

Your shield and scale mail prevent you from hitting the goblin.
You block the goblin's attack. The goblin barely misses you.
You barely miss the goblin. The goblin barely misses you.
You slash the goblin!
You kill the goblin!
Things that are here:
a +0 dagger; a goblin corpse
Things that are here:
a +0 dagger; a goblin corpse
There is a stone staircase leading down here.
You climb downwards.
You block the gnoll's attack.
There is a stone staircase leading up here.
The gnoll barely misses you.
You climb upwards.
There is a stone staircase leading down here.
You slash the gnoll!
You kill the gnoll!
Your hearing returns.
Your Dodging skill increases to level 1!
You see here a +0 club.
There is a stone staircase leading down here.
You climb downwards.
The gnoll throws a throwing net.
You block the throwing net. You block the gnoll's attack.
There is a stone staircase leading up here.
You see here a throwing net.
You block the gnoll's attack.
The gnoll hits you from afar with a +0 spear.
The gnoll hits you but does no damage. The gnoll hits you with a +0 spear.
You hit the gnoll.
The gnoll is heavily wounded.
You hit the gnoll but do no damage. The gnoll hits you with a +0 halberd!
You block the gnoll's attack.
You hit the gnoll.
The gnoll is severely wounded.
You barely miss the gnoll. You closely miss the gnoll.
The gnoll closely misses you. The gnoll hits you with a +0 spear.
The gnoll hits you but does no damage. The gnoll hits you with a +0 halberd!
* * * LOW HITPOINT WARNING * * *
You block the gnoll's attack. The gnoll hits you with a +0 spear.
You die...

#####+###+###
#....<......#
#....@......#
#...ggg.....#
#...........#
#...........#
#...........#
#...........#
#...........#
#...........#


You could see 3 gnolls.

Vanquished Creatures
  A gnoll (D:1)
  5 ball pythons (D:1)
  3 bats (D:1)
  3 endoplasms (D:1)
  5 goblins (D:1)
  3 hobgoblins (D:1)
  2 jackals (D:1)
  A quokka (D:1)
  4 frilled lizards (D:1)
  2 kobolds (D:1)
  3 rats (D:1)
32 creatures vanquished.

Notes
Turn   | Place    | Note
-------+----------+-------------------------------------------
     0 | D:1      | pbellow the Hill Orc Fighter began the quest for the Orb.
     0 | D:1      | Reached XP level 1. HP: 19/19 MP: 1/1
   139 | D:1      | Reached XP level 2. HP: 27/27 MP: 2/2
   649 | D:1      | Found a faded altar of an unknown god.
   658 | D:1      | Reached XP level 3. HP: 29/33 MP: 3/3
  1087 | D:1      | Reached skill level 1 in Dodging
  1094 | D:2      | Slain by a gnoll

Illustrated notes

Levels and vault maps discovered:
D:1:      amcnicky_arrival_feature_with_door, layout_rooms, serial_aquarium,
          aquarium_bridge_long_joined [aquarium_subvault_balcony,
          aquarium_subvault_window, aquarium_subvault_bridge,
          aquarium_subvault_bridge, aquarium_subvault_balcony,
          aquarium_subvault_bridge], aquarium_bridge_straight
          [aquarium_subvault_bridge, aquarium_subvault_wall,
          aquarium_subvault_bridge, aquarium_subvault_wall], aquarium_window_1,
          aquarium_window_1, aquarium_window_1, aquarium_window_1,
          aquarium_view_2c, aquarium_view_2d, aquarium_balcony_5b,
          aquarium_pool_2, hellmonk_ecumenical_altar_zigzags
D:2:      mumra_celtic_spiral_tile, layout_basic, minmay_misc_feat_chi

Skill      XL: |  1  2  3 |
---------------+----------+-----
Axes           | 3 |  3.3
Dodging        | 1 |  1.0
Fighting       | |  3.9
Armour         | |  3.6
Shields        | |  3.7

Action                   || total
-------------------------++-------
Melee: War axe           ||    82
  Use: Potion            ||     2
       Scroll            ||     1
Armor: Scale mail        ||    44
Dodge: Dodged            ||    41
Block: Kite shield       ||    59
